AoeStats
← Smoke

Arena

509722162Analyzed
2v2 RM · 4d ago on Sep 27, 2026· 18m 19s· 4 players
Game mode
Random Map
Map size
Medium (4 player)
Population
200
Speed
Normal
Resources
Standard
Victory
Conquest
Starting age
Dark Age
Ending age
Imperial Age
RankedLock teamsTeams togetherTeam positionsShared explorationLock speedFull tech treeHidden civsTurbo modeCheats
Victory
Defeat
🇮🇹 Britons · Italy
1289
+15
🇺🇸 Teutons · United States
1267
+16
🇲🇽 Turks · Mexico
1328
-19
🇻🇪 Italians · Venezuela
1188
-12
Smoke
13:15 Feudal Age
11:31 Loom
13:22 Feudal Age
_DLAGON_
9:56 Feudal Age
13:34 Castle Age
11:33 Double-Bit Axe
12:28 Horse Collar
13:50 Scale Barding Armor
PwNaSauRuS
6:05 Loom
8:24 Feudal Age
10:58 Double-Bit Axe
11:12 Fletching
18:24 Horse Collar
SNOWMAN
10:21 Feudal Age
14:28 Castle Age
12:27 Double-Bit Axe
14:32 Loom
15:27 Bow Saw
14:58 Horse Collar
16:08 Town Watch
Connection lost

Rejoining the realm…

Still unreachable

The connection could not be restored.

Session expired

The server has moved on; the page needs a fresh start.